 Dungeon Crawl Stone Soup version 0.30-a0-2-gf48d83f5e2 (webtiles) character file.

Game seed: 16445371041436789793

8717 SensoryNuts the Cleaver (level 11, 0/95 HPs)
             Began as a Meteoran Fighter on Aug 20, 2022.
             Was a High Priest of Elyvilon.
             Slain by a quasit (1 damage)
             ... summoned by a kobold demonologist
             ... on level 11 of the Dungeon.
             The game lasted 00:10:28 (6266 turns).

SensoryNuts the Cleaver (Meteoran Fighter)          Turns: 6266, Time: 00:10:30

Health: 0/95       AC: 12    Str: 22      XL:     11   Next: 91%
Magic:  13/13      EV: 10    Int: 10      God:    Elyvilon [*****.]
Gold:   744        SH: 11    Dex: 13 (14) Spells: 10/10 levels left

rFire   . . .      SeeInvis .    a - +0 war axe (elec)
rCold   . . .      Faith    .    v - +0 kite shield
rNeg    . . .      Spirit   .    b - +0 scale mail
rPois   .          Reflect  .    (no helmet)
rElec   .          Harm     .    (no cloak)
rCorr   .          Rampage  .    q - +1 pair of gloves
Will    +....                    f - +0 pair of boots
Stlth   ..........               e - amulet of regeneration
HPRegen 1.85/turn                m - +4 ring of slaying
MPRegen 0.13/turn                p - ring of wizardry

@: glowing
A: sense surroundings 2, otherworldly, glowing, explore regen, deterioration 1,
high MP 1, mutation resistance 1, regeneration 1
a: Renounce Religion, Purification, Heal Other, Heal Self, Divine Vigour


You were on level 11 of the Dungeon.
You worshipped Elyvilon.
Elyvilon was extremely pleased with you.
You visited 1 branch of the dungeon, and saw 11 of its levels.

You collected 744 gold pieces.

Inventory:

Hand Weapons
 a - a +0 war axe of electrocution (weapon)
 G - the +8 falchion "Xolebergh" {spect, rF- rC+ rN+ Str+4}
   (You found it on level 8 of the Dungeon)

   When its wielder attacks, the weapon's spirit leaps out and strikes again.
   The spirit shares a part of any damage it takes with its wielder.
   Str:       It affects your strength (+4).
   rF:        It makes you vulnerable to fire.
   rC:        It protects you from cold.
   rN:        It protects you from negative energy.
Armour
 b - a +0 scale mail (worn)
 c - a +0 buckler
 f - a +0 pair of boots (worn)
 q - a +1 pair of gloves (worn)
 v - a +0 kite shield (worn)
Jewellery
 e - an amulet of regeneration (around neck)
 m - a +4 ring of slaying (left hand)
 p - a ring of wizardry (right hand)
 x - a +4 ring of evasion
Wands
 h - a wand of flame (25)
 k - a wand of charming (8)
 w - a wand of acid (3)
 y - a wand of polymorph (16)
 z - a wand of mindburst (28)
Scrolls
 i - 2 scrolls of torment
 j - 2 scrolls of teleportation
 r - a scroll of poison
 s - 3 scrolls of identify
 u - 2 scrolls of amnesia
 B - a scroll of enchant armour
 D - 2 scrolls of magic mapping
 E - a scroll of blinking
 F - a scroll of fog
Potions
 d - 2 potions of might
 g - 3 potions of lignification
 l - 7 potions of curing
 n - 3 potions of flight
 o - 3 potions of haste
 t - 2 potions of attraction
 A - 2 potions of brilliance
 C - 2 potions of degeneration


   Skills:
 + Level 8.3 Fighting
 + Level 5.0 Long Blades
 + Level 13.1 Axes
 + Level 9.1 Armour
 + Level 4.7 Dodging
 + Level 0.2 Stealth
 + Level 9.3 Shields


You had 10 spell levels left.
You didn't know any spells.
Your spell library contained the following spells:

 Spells                   Type           Power      Damage    Failure   Level
 Magic Dart               Conj           0%         1d3       58%         1
 Searing Ray              Conj           0%         2d4       73%         2
 Portal Projectile        Hex/Tloc       0%         N/A       91%         3
 Tukima's Dance           Hex            0%         N/A       91%         3
 Fulminant Prism          Conj/Hex       0%         3d6       100%        4
 Blade Hands              Tmut           0%         N/A       100%        5
 Irradiate                Conj/Tmut      0%         3d11      100%        5
 Dragon Form              Tmut           0%         N/A       100%        7


Dungeon Overview and Level Annotations

Branches:
Dungeon (11/15) Zot: 395   Temple (0/1) D:7            Lair (0/5) D:10
    Orc: D:9-12

Altars:
Elyvilon
Fedhas
Gozag
Nemelex Xobeh
Sif Muna
Vehumet

Shops:
D:4 [   D:6 !

Portals:
Trove: D:10 (give +5 demon whip)

Annotations:
D:10 Lodul


Innate Abilities, Weirdness & Mutations

You passively map the area around you.
You are easily found by Zot.
You glow in the dark.
You regain HP and MP as you explore.
Your body sometimes deteriorates upon taking damage.
You have an increased reservoir of magic. (+10% MP)
You are somewhat resistant to further mutation.
Your natural rate of healing is unusually fast.


Message History

The red devil barely misses you.
You barely miss the kobold demonologist.
The kobold demonologist is severely wounded.
You completely miss the ice devil. The ice devil hits you!
The ice devil freezes you!
The kobold demonologist hits you but does no damage.
You block the red devil's attack. The ice devil hits you!
The ice devil freezes you!
* * * LOW HITPOINT WARNING * * *
The kobold demonologist mumbles some strange words.
You hit the kobold demonologist.
Lightning courses through the kobold demonologist!
The kobold demonologist is almost dead.
You slash the iron imp! You hit the ice devil but do no damage.
You hit the ufetubus.
You feel yourself speed up. The ufetubus closely misses you.
You block the ufetubus's attack. The red devil closely misses you.
You block the ice devil's attack.
The kobold demonologist completely misses you.
The ufetubus barely misses you. x2; The iron imp closely misses you.
The red devil completely misses you.
You hit the kobold demonologist but do no damage.
The kobold demonologist is almost dead.
You hit the ice devil. You slash the ufetubus!
Lightning courses through the ufetubus!!
You kill the ufetubus!
The ufetubus disappears in a puff of smoke!
You slash the iron imp!
You kill the iron imp!
The iron imp disappears in a puff of smoke!
The ice devil hits you!
* * * LOW HITPOINT WARNING * * *
Your body deteriorates!
You feel clumsy. The ice devil freezes you!
* * * LOW HITPOINT WARNING * * *
The kobold demonologist looks satisfied for a moment.
You block the quasit's attack.
The quasit claws you but does no damage.
The quasit claws you.
You die...

* ,* * * *, * ,
***, ,,##..# , ,
#... ,, , * ##...
* * ** , #...# ,
* , , * ##...# *
, , ***** #..4.,
, * , *
##.§K##### * * *
** *#..5@§...# ,*
#...4###.# * ,
#...### #.# # , *
#...#####.####.#
# * *
#...............#
## , *
#.#..#####.######
.# *#..# #.# .##
... ##.., #.# ..#
...*#.. , #.#


You could see an ice devil (summoned), a kobold demonologist, a red devil
(summoned) and a quasit (summoned).

Vanquished Creatures
  A boulder beetle (D:9)
  A two-headed ogre (D:9)
  Pikel (D:3)
  A troll (D:11)
  A hornet (D:10)
  Prince Ribbit (D:7)
  Grinder (D:6)
  Sigmund (D:5)
  A shadow (D:11)
  2 wraiths
  A wyvern (D:9)
  9 yaks
  3 steam dragons (D:8)
  Eustachio (D:5)
  6 vampire mosquitoes
  3 orc warriors
  A sky beast (D:6)
  4 black bears
  An ice beast (D:8)
  A centaur (D:7)
  3 ogres (D:10)
  A lemure (D:3)
  2 kobold brigands
  A gnoll sergeant (D:9)
  A necrophage (D:7)
  A scorpion (D:5)
  7 killer bees
  7 howler monkeys
  A hound (D:7)
  4 orc priests
  2 jellies
  Jessica (D:2)
  6 iguanas
  14 orc wizards
  6 gnolls
  4 adders
  A shadow imp (D:8)
  3 dart slugs
  30 orcs
  9 endoplasms
  3 giant cockroaches
  6 goblins
  6 hobgoblins
  4 jackals (D:1)
  17 kobolds
  4 quokkas
  7 ball pythons
  7 bats
  4 rats
203 creatures vanquished.

Vanquished Creatures (others)
  6 fungi (D:4)
6 creatures vanquished.

Grand Total: 209 creatures vanquished

Notes
Turn   | Place    | Note
-------+----------+-------------------------------------------
     0 | D:1      | SensoryNuts the Meteoran Fighter began the quest for the
                  | Orb.
     0 | D:1      | Reached XP level 1. HP: 19/19 MP: 2/2
    96 | D:1      | Reached XP level 2. HP: 15/26 MP: 3/3
   245 | D:1      | Reached XP level 3. HP: 24/31 MP: 4/4
   473 | D:1      | Glimpsed the power of Zot.
   703 | D:2      | Reached skill level 1 in Dodging
   767 | D:2      | Noticed Jessica
   771 | D:2      | Killed Jessica
   772 | D:2      | Reached skill level 3 in Axes
   772 | D:2      | Reached XP level 4. HP: 40/40 MP: 5/5
   834 | D:2      | Found a white marble altar of Elyvilon.
   844 | D:2      | Became a worshipper of Elyvilon the Healer
  1027 | D:2      | Reached XP level 5. HP: 45/46 MP: 6/6
  1062 | D:2      | Glimpsed the power of Zot.
  1176 | D:2      | Identified a scroll of acquirement
  1176 | D:2      | Acquired an amulet of regeneration
  1241 | D:3      | Reached * piety under Elyvilon
  1256 | D:3      | Reached skill level 4 in Axes
  1292 | D:3      | Reached XP level 6. HP: 38/52 MP: 7/7
  1522 | D:3      | Found a shimmering blue altar of Sif Muna.
  1634 | D:3      | Found a faded altar of an unknown god.
  1648 | D:3      | Glimpsed the power of Zot.
  1753 | D:4      | Found Paxzok's Armour Shoppe.
  1763 | D:4      | Reached skill level 5 in Axes
  1763 | D:4      | Reached skill level 5 in Armour
  1796 | D:4      | Noticed Pikel
  1831 | D:3      | Killed Pikel
  1832 | D:3      | Reached skill level 7 in Axes
  1832 | D:3      | Reached XP level 7. HP: 46/60 MP: 8/8
  1832 | D:3      | Reached XP level 8. HP: 51/67 MP: 9/9
  2226 | D:4      | Glimpsed the power of Zot.
  2233 | D:5      | Entered Level 5 of the Dungeon
  2261 | D:5      | Reached ** piety under Elyvilon
  2264 | D:5      | Noticed Eustachio
  2289 | D:5      | Killed Eustachio
  2290 | D:5      | Reached skill level 5 in Shields
  2335 | D:5      | Found a sparkling altar of Nemelex Xobeh.
  2443 | D:5      | Reached skill level 5 in Fighting
  2493 | D:5      | Noticed Sigmund
  2504 | D:5      | Killed Sigmund
  2505 | D:5      | Reached skill level 8 in Axes
  2505 | D:5      | Gained mutation: You passively map the area around you.
                  | [Meteoran growth]
  2505 | D:5      | Reached XP level 9. HP: 57/74 MP: 10/10
  2817 | D:5      | Glimpsed the power of Zot.
  2867 | D:5      | Glimpsed the power of Zot.
  2907 | D:5      | Glimpsed the power of Zot.
  2917 | D:5      | Touched by the power of Zot.
  3039 | D:6      | Noticed Grinder
  3048 | D:6      | Killed Grinder
  3049 | D:6      | Reached skill level 9 in Axes
  3272 | D:6      | Found Vion's Distillery.
  3558 | D:6      | Reached *** piety under Elyvilon
  3572 | D:6      | Identified the +5 ring mail of the Wheelwright {rElec rF+
                  | Regen+}
  3607 | D:6      | Glimpsed the power of Zot.
  3657 | D:6      | Glimpsed the power of Zot.
  3938 | D:7      | Found a radiant altar of Vehumet.
  3985 | D:7      | Noticed Prince Ribbit
  3993 | D:7      | Killed Prince Ribbit
  3994 | D:7      | Reached skill level 10 in Axes
  3994 | D:7      | Reached XP level 10. HP: 84/84 MP: 11/11
  4112 | D:7      | Found a staircase to the Ecumenical Temple.
  4203 | D:7      | Glimpsed the power of Zot.
  4253 | D:7      | Glimpsed the power of Zot.
  4272 | D:8      | Reached **** piety under Elyvilon
  4325 | D:8      | Found a blossoming altar of Fedhas.
  4406 | D:8      | Reached skill level 11 in Axes
  4606 | D:8      | Identified the +8 falchion "Xolebergh" {spect, rF- rC+ rN+
                  | Str+4}
  4729 | D:8      | Found an opulent altar of Gozag.
  4795 | D:8      | Glimpsed the power of Zot.
  4830 | D:9      | Reached skill level 1 in Long Blades
  4950 | D:9      | Noticed a boulder beetle
  4973 | D:9      | Killed a boulder beetle
  4974 | D:9      | Reached XP level 11. HP: 31/92 MP: 12/12
  4982 | D:9      | Reached ***** piety under Elyvilon
  5078 | D:9      | Noticed a two-headed ogre
  5084 | D:9      | Killed a two-headed ogre
  5103 | D:9      | Reached skill level 5 in Long Blades
  5371 | D:9      | Glimpsed the power of Zot.
  5374 | D:10     | Entered Level 10 of the Dungeon
  5441 | D:10     | Found a staircase to the Lair.
  5606 | D:10     | Found a portal to a secret trove of treasure.
  5670 | D:10     | Noticed Lodul
  5676 | D:10     | Reached skill level 12 in Axes
  5729 | D:10     | Gained mutation: You are frail. (-10% HP) [potion of
                  | mutation]
  5729 | D:10     | Gained mutation: You have a pair of small horns on your
                  | head. [potion of mutation]
  5729 | D:10     | Gained mutation: You are strong-willed. (Will+) [potion of
                  | mutation]
  5730 | D:10     | Lost mutation: You are strong-willed. (Will+) [potion of
                  | mutation]
  5730 | D:10     | Lost mutation: You are frail. (-10% HP) [potion of
                  | mutation]
  5730 | D:10     | Gained mutation: Your body sometimes deteriorates upon
                  | taking damage. [potion of mutation]
  5730 | D:10     | Gained mutation: Your flesh is cold resistant. (rC+)
                  | [potion of mutation]
  5731 | D:10     | Lost mutation: Your flesh is cold resistant. (rC+) [potion
                  | of mutation]
  5731 | D:10     | Lost mutation: You have a pair of small horns on your head.
                  | [potion of mutation]
  5731 | D:10     | Gained mutation: You occasionally shout uncontrollably at
                  | your foes. [potion of mutation]
  5731 | D:10     | Gained mutation: Your natural rate of healing is unusually
                  | fast. [potion of mutation]
  5731 | D:10     | Gained mutation: Your movements are slightly less
                  | encumbered by armour. (ER -2) [potion of mutation]
  5818 | D:10     | Lost mutation: Your movements are slightly less encumbered
                  | by armour. (ER -2) [potion of mutation]
  5818 | D:10     | Lost mutation: You occasionally shout uncontrollably at
                  | your foes. [potion of mutation]
  5818 | D:10     | Gained mutation: You have an increased reservoir of magic.
                  | (+10% MP) [potion of mutation]
  5818 | D:10     | Gained mutation: You are somewhat resistant to further
                  | mutation. [potion of mutation]
  5967 | D:10     | Glimpsed the power of Zot.
  6017 | D:10     | Glimpsed the power of Zot.
  6225 | D:11     | Reached skill level 13 in Axes
  6266 | D:11     | HP: 1/95 [ice devil[a kobold demonologist] (14)]
  6266 | D:11     | Slain by a quasit

Illustrated notes

Levels and vault maps discovered:
D:1:      dpeg_arrival_refuge, layout_basic
D:2:      layout_rooms, serial_corexii_hall, corexii_hall_statues_u,
          corexii_hall_statues_deadend, corexii_hall_statues_s,
          corexii_hall_statues_l, basic_altar, kennysheep_jessica_study
D:3:      layout_basic, amcnicky_altar_gilded, shapermc_ecumenical_altar_venn,
          hangedman_decor_push
D:4:      layout_cave_pools, serial_park, serial_park_tiny_pond,
          serial_park_avenue1, serial_park_gazebo [serial_park_minivault_5x5_6],
          serial_park_square2, serial_shops, shop, corexii_hall_statues_deadend,
          uniq_pikel
D:5:      layout_loops_ring, nemelex_spade_bored_becter, uniq_eustachio,
          uniq_sigmund
D:6:      layout_basic, serial_shops, nicolae_shop_advertising_works
          [nicolae_subvault_shop_adworks], uniq_grinder
D:7:      layout_basic, nicolae_vehumet_radiance, minmay_temple_entry_waves,
          uniq_prince_ribbit1
D:8:      kennysheep_blocky_hall, layout_cave_pools, lemuel_doored_altar,
          grunt_gozag_statues
D:9:      minmay_gate_of_8, layout_loops_ring, nzn_sisyphean_effort
D:10:     layout_stronghold, lair_entry_dummy, nicolae_trove_entry_crossroad,
          uniq_lodul
D:11:     minmay_the_grid_triangle_9x9_recursive_3
          [minmay_the_grid_triangle_9x9_semitri,
          minmay_the_grid_triangle_9x9_windchime,
          minmay_the_grid_triangle_9x9_dagger,
          minmay_the_grid_triangle_9x9_prize_schism,
          minmay_the_grid_triangle_9x9_skeleton,
          minmay_the_grid_triangle_9x9_empty,
          minmay_the_grid_triangle_9x9_sparse_checkered,
          minmay_the_grid_triangle_9x9_zippers_vertical,
          minmay_the_grid_triangle_9x9_minimal], layout_loops_ring, david_orc_4

Skill      XL: |  1  2  3  4  5  6  7  8  9 10 11 |
---------------+----------------------------------+-----
Armour         | 4 5 6 7 8 9 |  9.1
Shields        | 4 5 6 8 9 |  9.3
Dodging        | 1 2 3 4 |  4.7
Axes           | 3 4 7 8 10 11 13 | 13.1
Fighting       | 4 5 6 7 8 |  8.3
Long Blades    | 4 5 |  5.0
Stealth        | |  0.2

Action                   |  1- 3 |  4- 6 |  7- 9 | 10-12 || total
-------------------------+-------+-------+-------+-------++-------
Melee: War axe           |    78 |   109 |   145 |   223 ||   555
       Falchion          |       |       |       |    36 ||    36
  Use: Scroll            |     3 |     5 |     4 |     8 ||    20
       Potion            |     3 |       |       |     9 ||    12
Armor: Scale mail        |    52 |    57 |    67 |   108 ||   284
Dodge: Dodged            |    36 |    33 |    34 |    97 ||   200
Block: Buckler           |    22 |    31 |    15 |       ||    68
       Kite shield       |       |       |    43 |   141 ||   184

Table legend: (Time is in decaauts)
 A = Elapsed time spent in this place.
 B = Non-inter-level travel time spent in this place.
 C = Inter-level travel time spent in this place.
 D = Time resting spent in this place.
 E = Time spent auto-exploring this place.
 F = Levels seen in this place.
 G = Mean time per level.
                   A        B        C        D        E       F      G
               +--------+--------+--------+--------+--------+-----+--------+
         Total |   6404 |   6055 |    349 |      3 |   4440 |  11 |  582.2 |
       Dungeon |   6404 |   6055 |    349 |      3 |   4440 |  11 |  582.2 |
               +--------+--------+--------+--------+--------+-----+--------+

Top non-repeatable levels by time:
     D:6: 801 daAuts
     D:5: 783 daAuts
     D:1: 706 daAuts
    D:10: 656 daAuts
     D:9: 588 daAuts
     D:2: 565 daAuts
     D:3: 562 daAuts
     D:8: 547 daAuts
     D:4: 503 daAuts
     D:7: 445 daAuts
    D:11: 244 daAuts
